AoeStats
← chenya_ko

Arabia

507602438Analyzed
1v1 RM · 15d ago on Sep 19, 2026· 45m 29s· 2 players
Game mode
Random Map
Map size
Tiny (2 player)
Population
200
Speed
Normal
Resources
Standard
Victory
Conquest
Starting age
Dark Age
Ending age
Imperial Age
RankedLock teamsTeams togetherTeam positionsShared explorationLock speedFull tech treeHidden civsTurbo modeCheats
Victory
Defeat
🇹🇼 Japanese · Taiwan
1047
+15
🇺🇸 Vietnamese · United States
1021
-15
Completley Unprofessional
6:12 Loom
11:34 Feudal Age
13:02 Wheelbarrow
11:55 Man-at-Arms
12:26 Double-Bit Axe
13:20 Gold Mining
13:50 Horse Collar
23:44 Castle Age
22:02 Stone Mining
24:23 Fletching
24:47 Heavy Plow
25:04 Hand Cart
25:00 Bow Saw
25:30 Stone Shaft Mining
25:38 Bodkin Arrow
25:06 Crossbowman
29:34 Thumb Ring
33:03 Husbandry
34:30 Scale Barding Armor
35:50 Ballistics
40:07 Imperial Age
37:36 Murder Holes
40:07 Forging
41:18 Paper Money
42:07 Two-Man Saw
41:42 Padded Archer Armor
43:22 Bracer
44:32 Crop Rotation
45:43 Chemistry
chenya_ko
1:58 Loom
9:56 Feudal Age
9:59 Man-at-Arms
11:08 Double-Bit Axe
14:58 Fletching
18:12 Wheelbarrow
22:16 Castle Age
20:50 Scale Mail Armor
20:35 Horse Collar
21:31 Forging
21:13 Arson
21:43 Padded Archer Armor
22:23 Gold Mining
22:19 Elite Skirmisher
22:21 Long Swordsman
22:47 Gambesons
23:18 Squires
24:33 Bow Saw
25:37 Chain Mail Armor
29:17 Iron Casting
28:38 Bodkin Arrow
28:40 Stone Mining
29:26 Gold Shaft Mining
29:56 Leather Archer Armor
30:31 Town Watch
32:20 Hand Cart
32:13 Heavy Plow
34:55 Ballistics
37:58 Imperial Age
35:44 Pikeman
36:40 Masonry
38:01 Two-Handed Swordsman
39:13 Plate Mail Armor
41:01 Chemistry
40:07 Bracer
40:33 Champion
Connection lost

Rejoining the realm…

Still unreachable

The connection could not be restored.

Session expired

The server has moved on; the page needs a fresh start.